 Dungeon Crawl Stone Soup version 0.29.1-2-gbd0b4ee654 (webtiles) character file.

Game seed: 12068840148145279927

994 Icepheonix32 the Slasher (level 7, -2/87 HPs)
             Began as a Demigod Fighter on Nov 4, 2022.
             Slain by a two-headed ogre
             ... wielding a +0 giant spiked club
              (25 damage)
             ... on level 5 of the Dungeon.
             The game lasted 00:07:06 (5053 turns).

Icepheonix32 the Slasher (Demigod Fighter)          Turns: 5053, Time: 00:07:06

Health: -2/87      AC: 23    Str: 17    XL:     7   Next: 66%
Magic:  9/9        EV:  2    Int: 14    God:
Gold:   58         SH:  0    Dex: 17    Spells: 4/6 levels left

rFire   . . .      SeeInvis .   a - +1 long sword
rCold   . . .      Faith    .   (no shield)
rNeg    . . .      Spirit   .   (body armour currently unavailable)
rPois   +          Reflect  .   (helmet currently unavailable)
rElec   .          Harm     .   (cloak currently unavailable)
rCorr   .          Rampage  .   (gloves currently unavailable)
Will    .....      NoTele   +   (boots currently unavailable)
Stlth   ++........              (no amulet)
HPRegen 0.24/turn               f - +4 ring of evasion
MPRegen 0.11/turn               (no ring)

@: tree-form
A: stationary, stasis, torment immunity, boosted hp, high MP 1, forlorn, divine
attributes
a: no special abilities


You were on level 5 of the Dungeon.
You were a tree.
You visited 1 branch of the dungeon, and saw 5 of its levels.
You also visited: Sewer.

You collected 274 gold pieces.
You spent 216 gold pieces at shops.

Inventory:

Hand Weapons
 a - a +1 long sword (weapon)
 s - a +1 short sword of holy wrath
 w - a +1 shortbow of flaming
Missiles
 v - 3 throwing nets (quivered)
Armour
 b - a +0 scale mail (melded)
 c - a +0 buckler
 i - a +2 helmet (melded)
 m - a +0 pair of boots (melded)
 n - the +2 ratskin cloak (melded) {*Rats rPois rN+ Str-1 Int-1 Dex+1}
   (You found it on level 3 of the Dungeon)

   When the wearer is hurt, rats may emerge from it to assist them.
   Str:       It affects your strength (-1).
   Int:       It affects your intelligence (-1).
   Dex:       It affects your dexterity (+1).
   rPois:     It protects you from poison.
   rN:        It protects you from negative energy.
Jewellery
 f - a +4 ring of evasion (left branch)
Wands
 d - a wand of roots (7)
Scrolls
 g - 2 scrolls of vulnerability
 j - 3 scrolls of identify
 k - a scroll of enchant armour
 q - a scroll of noise {unknown}
 u - a scroll of teleportation
 x - a scroll of immolation {unknown}
 y - a scroll of blinking {unknown}
 z - a scroll of fear
Potions
 e - 2 potions of magic
 h - 2 potions of heal wounds
 o - a potion of attraction {unknown}
 p - a potion of curing
 r - a potion of degeneration {unknown}
 t - 3 potions of mutation {unknown}
 A - a potion of berserk rage {unknown}


   Skills:
 + Level 3.9 Fighting
 + Level 6.0 Long Blades
 + Level 0.9 Ranged Weapons
 + Level 4.4 Armour
 + Level 1.6 Dodging
 + Level 0.7 Stealth
 - Level 3.3 Shields
 * Level 1.9 Transmutations


You had 4 spell levels left.
You knew the following spells:

 Your Spells              Type           Power      Damage    Failure   Level
a - Wereblood             Tmut           5%         N/A       21%         2

Your spell library contained the following spells:

 Spells                   Type           Power      Damage    Failure   Level
 Beastly Appendage        Tmut           10%        N/A       13%         1
 Spider Form              Tmut/Pois      2%         N/A       52%         3


Dungeon Overview and Level Annotations

Branches:
Dungeon (5/15)             Temple (0/1) D:4           Sewer (visited)

Shops:
D:5 (

Annotations:
D:3 exclusion: statue


Innate Abilities, Weirdness & Mutations

You are a tree.
Your roots penetrate the ground, keeping you stationary.
You cannot be teleported.
You are immune to unholy pain and torment.
Your maximum health is greatly increased.
Your equipment is partially melded.
You have an increased reservoir of magic. (+10% MP)
You shall have no god before yourself.
Your divine heritage dramatically boosts your attributes as you level up.


Message History

Your Long Blades skill increases to level 6!
No target in view!
No target in view!
No target in view!
Things that are here:
an iguana corpse; a hound corpse
z - a scroll of fear
A - a sedimented coppery potion You now have 58 gold pieces (gained 12).
Found 3 poisoned darts.
You see here 3 poisoned darts.
A two-headed ogre comes into view.
It is wielding a +0 giant spiked club and a +0 giant club.
A two-headed ogre is nearby!
You shoot an arrow.
The arrow completely misses the two-headed ogre.
The two-headed ogre closely misses you. The two-headed ogre barely misses you.
Your +1 shortbow of flaming stops flaming.
a - a +1 long sword (weapon)
You slash the two-headed ogre!
The two-headed ogre is lightly wounded.
The two-headed ogre hits you with a +0 giant spiked club!
The two-headed ogre hits you with a +0 giant club!
You barely miss the two-headed ogre.
You punch the two-headed ogre, but do no damage.
The two-headed ogre is lightly wounded.
Really quaff the potion of lignification?
You turn into a tree.
The +2 ratskin cloak {*Rats rPois rN+ Str-1 Int-1 Dex+1} melds into your body.
Your +2 helmet melds into your body.
Your +0 pair of boots melds into your body.
Your +0 scale mail melds into your body.
Your roots penetrate the ground.
The two-headed ogre hits you with a +0 giant spiked club!
The two-headed ogre hits you but does no damage.
You closely miss the two-headed ogre. You punch the two-headed ogre.
The two-headed ogre is lightly wounded.
The two-headed ogre hits you with a +0 giant spiked club!
* * * LOW HITPOINT WARNING * * *
The two-headed ogre hits you with a +0 giant club!!
You die...

#### ... #
..#.####
#.###.#....
#.....O.#
######### #♣#
#.......#
##.#####.......#
#.....##.......#
##.##.##.......#
####.##.......#
#(##.......#
#.##.......#
#.#####.####
#.#####.#


You could see a two-headed ogre.

Vanquished Creatures
  Grinder (D:4)
  Menkaure (D:5)
  A phantom (D:4)
  A kobold brigand (D:4)
  A scorpion (D:4)
  4 hounds
  2 orc priests (D:4)
  Jessica (D:3)
  An orc wizard (D:4)
  An iguana (D:5)
  A hell rat (Sewer)
  3 adders
  3 gnolls (D:5)
  4 river rats
  An ufetubus (D:5)
  2 worms (D:2)
  A dart slug (D:1)
  18 orcs
  9 ball pythons
  3 endoplasms
  A giant cockroach (D:4)
  3 goblins
  6 hobgoblins
  3 jackals (D:2)
  4 quokkas
  4 bats
  6 frilled lizards
  7 kobolds
  11 rats
  5 bushes (D:4)
109 creatures vanquished.

Vanquished Creatures (collateral kills)
  Ijyb (D:3)
1 creature vanquished.

Vanquished Creatures (others)
  8 plants (D:4)
8 creatures vanquished.

Grand Total: 118 creatures vanquished

Notes
Turn   | Place    | Note
-------+----------+-------------------------------------------
     0 | D:1      | Icepheonix32 the Demigod Fighter began the quest for the
                  | Orb.
     0 | D:1      | Reached XP level 1. HP: 18/18 MP: 3/3
   698 | D:1      | Reached XP level 2. HP: 18/25 MP: 4/4
  1405 | D:2      | Reached skill level 2 in Long Blades
  1573 | D:2      | Reached XP level 3. HP: 30/31 MP: 5/5
  2030 | D:3      | Found a glowing drain.
  2077 | Sewer    | Entered a sewer
  2105 | Sewer    | Reached XP level 4. HP: 34/38 MP: 6/6
  2349 | D:3      | Found the +2 ratskin cloak {*Rats rPois rN+ Str-1 Int-1
                  | Dex+1}
  2369 | D:3      | Reached skill level 3 in Long Blades
  2484 | D:3      | Noticed Jessica
  2484 | D:3      | Noticed Ijyb
  2492 | D:3      | Killed Ijyb
  2494 | D:3      | Killed Jessica
  2495 | D:3      | Reached XP level 5. HP: 41/45 MP: 7/7
  2857 | D:4      | Noticed Grinder
  2860 | D:4      | Paralysed by Grinder for 5 turns
  2878 | D:4      | Paralysed by Grinder for 5 turns
  2886 | D:4      | Paralysed by Grinder for 5 turns
  2902 | D:4      | Killed Grinder
  2903 | D:4      | Reached skill level 4 in Long Blades
  2903 | D:4      | Reached skill level 1 in Dodging
  2903 | D:4      | Reached XP level 6. HP: 11/51 MP: 8/8
  3232 | D:4      | Reached skill level 5 in Long Blades
  3236 | D:4      | Learned a level 2 spell: Wereblood
  3832 | D:4      | Found a staircase to the Ecumenical Temple.
  4036 | D:4      | Reached skill level 1 in Transmutations
  4036 | D:4      | Reached XP level 7. HP: 57/57 MP: 9/9
  4677 | D:5      | Entered Level 5 of the Dungeon
  4760 | D:5      | Found Teonuwol's Antique Weapon Shop.
  4769 | D:5      | Bought a runed shortbow for 216 gold pieces
  4844 | D:5      | Noticed Menkaure
  4848 | D:5      | Killed Menkaure
  5004 | D:5      | Reached skill level 6 in Long Blades
  5047 | D:5      | Noticed a two-headed ogre
  5053 | D:5      | Slain by a two-headed ogre

Illustrated notes

Levels and vault maps discovered:
D:1:      lemuel_arrival_room, layout_loops_corners,
          wander_ebering_terrifying_dragon_lair
D:2:      layout_basic, dreamdust_ecumenical_altar_grove, minmay_octomino_e4
D:3:      layout_basic, vehumet_statue, portal_sewer_entry_c, uniq_jessica,
          uniq_ijyb
D:4:      layout_basic, mainiacjoe_overflow_small_starburst, temple_hall,
          lexackson_kobold_supper, uniq_grinder
D:5:      layout_loops_cross, serial_shops, shop, uniq_menkaure, uniq_sigmund

Skill      XL: |  1  2  3  4  5  6  7 |
---------------+----------------------+-----
Shields        | 3 |  3.3
Fighting       | 3 |  3.9
Armour         | 3 4 |  4.4
Long Blades    | 2 3 4 5 6 |  6.0
Dodging        | 1 |  1.6
Transmutations | 1 |  1.9
Ranged Weapons | |  0.9
Stealth        | |  0.7

Action                   |  1- 3 |  4- 6 |  7- 9 || total
-------------------------+-------+-------+-------++-------
Melee: Long sword        |   141 |   158 |   338 ||   637
       Punch             |       |       |     2 ||     2
 Fire: Shortbow          |       |       |    21 ||    21
  Use: Scroll            |     6 |     4 |       ||    10
       Potion            |       |     1 |     1 ||     2
Armor: Scale mail        |    47 |    66 |    39 ||   152
       Skin              |       |       |     1 ||     1
Dodge: Dodged            |   107 |    97 |    60 ||   264
Block: Buckler           |    30 |    33 |     5 ||    68
